 Dungeon Crawl Stone Soup version 0.28.0-43-g3370ac3207 (webtiles) character file.

Game seed: 16520298894234803205

71 funkygono the Grave Robber (level 4, -25/30 HPs)
             Began as a Demonspawn Necromancer on Mar 16, 2022.
             Annihilated by an ogre
             ... wielding a +0 giant spiked club
              (30 damage)
             ... on level 3 of the Dungeon.
             The game lasted 00:05:02 (2550 turns).

funkygono the Grave Robber (Demonspawn Necromancer) Turns: 2550, Time: 00:05:04

Health: -25/30     AC:  6    Str:  8    XL:     4   Next: 5%
Magic:  11/17      EV: 11    Int: 19    God:
Gold:   67         SH:  4    Dex: 13    Spells: 3/8 levels left

rFire   . . .      SeeInvis .   d - +0 club
rCold   . . .      Faith    .   (no shield)
rNeg    . . .      Spirit   .   e - +0 ring mail
rPois   .          Reflect  .   k - +0 helmet
rElec   .          Harm     .   (no cloak)
rCorr   .          Rampage  .   (no gloves)
Will    +....                   (no boots)
Stlth   +.........              c - amulet of regeneration
HPRegen 0.90/turn               j - ring of magical power
MPRegen 0.15/turn               g - ring of willpower

@: no status effects
A: claws 1, sturdy frame 1, condensation shield
a: no special abilities


You were on level 3 of the Dungeon.
You visited 1 branch of the dungeon, and saw 3 of its levels.

You collected 67 gold pieces.

Inventory:

Hand Weapons
 d - a +0 club (weapon)
Missiles
 f - 59 stones
Armour
 a - a +0 robe
 e - a +0 ring mail (worn)
 k - a +0 helmet (worn)
Jewellery
 c - an amulet of regeneration (around neck)
 g - a ring of willpower (right claw)
 j - a ring of magical power (left claw)
Scrolls
 b - 3 scrolls of immolation {unknown}
 h - a scroll of identify {unknown}
 l - a scroll of teleportation {unknown}
Potions
 i - 2 potions of heal wounds {unknown}
 m - a potion of ambrosia {unknown}
 n - a potion of might {unknown}


   Skills:
 + Level 1.0 Armour
 + Level 2.0 Dodging
 - Level 1.7 Stealth
 * Level 2.8 Spellcasting
 * Level 5.3 Necromancy


You had 3 spell levels left.
You knew the following spells:

 Your Spells              Type           Power      Damage    Failure   Level
a - Pain                  Necr           88%        1d8       3%          1
b - Animate Skeleton      Necr           44%        N/A       3%          1
c - Vampiric Draining     Necr           22%        2d7       9%          3

Your spell library contained the following spells:

 Spells                   Type           Power      Damage    Failure   Level
 Animate Dead             Necr           11%        N/A       30%         4
 Agony                    Necr           22%        N/A       63%         5


Dungeon Overview and Level Annotations

Branches:
Dungeon (3/15)

Altars:


Innate Abilities, Weirdness & Mutations

You have sharp fingernails.
Your movements are slightly less encumbered by armour. (ER -2)
A meltable shield of frost defends you. (SH +4)


Message History

Press: ? - help, Shift-Dir - straight line, f/p - ogre
Aim: an ogre, wielding a +0 giant spiked club (moderately wounded, chance to affect: 81%)
The ogre writhes in agony.
Casting: Pain (safe; 3% risk of failure)
Confirm with . or Enter, or press ? or * to list all spells.
Aiming: Pain (safe; 3% risk of failure)
Press: ? - help, Shift-Dir - straight line, f/p - ogre
Aim: an ogre, wielding a +0 giant spiked club (moderately wounded, chance to affect: 81%)
The ogre writhes in agony.
Casting: Pain (safe; 3% risk of failure)
Confirm with . or Enter, or press ? or * to list all spells.
Aiming: Pain (safe; 3% risk of failure)
Press: ? - help, Shift-Dir - straight line, f/p - ogre
Aim: an ogre, wielding a +0 giant spiked club (moderately wounded, chance to affect: 81%)
The ogre writhes in agony!
The ogre hits you with a +0 giant spiked club!
Casting: Pain (safe; 3% risk of failure)
Confirm with . or Enter, or press ? or * to list all spells.
Aiming: Pain (safe; 3% risk of failure)
Press: ? - help, Shift-Dir - straight line, f/p - ogre
Aim: an ogre, wielding a +0 giant spiked club (heavily wounded, chance to affect: 81%)
The ogre writhes in agony.
The ogre barely misses you.
Casting: Pain (safe; 3% risk of failure)
Confirm with . or Enter, or press ? or * to list all spells.
Aiming: Pain (safe; 3% risk of failure)
Press: ? - help, Shift-Dir - straight line, f/p - ogre
Aim: an ogre, wielding a +0 giant spiked club (severely wounded, chance to affect: 81%)
The ogre barely resists.
The ogre hits you with a +0 giant spiked club!
* * * LOW HITPOINT WARNING * * *
Unknown command.
Casting: Pain (safe; 3% risk of failure)
Confirm with . or Enter, or press ? or * to list all spells.
Aiming: Pain (safe; 3% risk of failure)
Press: ? - help, Shift-Dir - straight line, f/p - ogre
Aim: an ogre, wielding a +0 giant spiked club (severely wounded, chance to affect: 81%)
The ogre writhes in agony.
The ogre hits you with a +0 giant spiked club!!
Ouch! That really hurt!
You die...

# .. ### ... #..
.... #.# .....
#.# #
.?....##.##.#
......O@.<..#
...^..##.......#
##### #########


You could see an ogre.

Vanquished Creatures
  Robin (D:2)
  3 dart slugs
  7 ball pythons
  5 bats
  3 endoplasms
  A giant cockroach (D:2)
  12 goblins
  4 hobgoblins
  3 jackals (D:1)
  2 kobolds (D:1)
  2 quokkas
  2 frilled lizards (D:2)
  4 rats
49 creatures vanquished.

Notes
Turn   | Place    | Note
-------+----------+-------------------------------------------
     0 | D:1      | funkygono the Demonspawn Necromancer began the quest for
                  | the Orb.
     0 | D:1      | Reached XP level 1. HP: 13/13 MP: 3/3
   304 | D:1      | Gained mutation: Your movements are slightly less
                  | encumbered by armour. (ER -2) [demonic ancestry]
   304 | D:1      | Reached XP level 2. HP: 7/19 MP: 5/5
   565 | D:1      | Learned a level 1 spell: Animate Skeleton
  1446 | D:1      | Gained mutation: A meltable shield of frost defends you.
                  | (SH +4) [demonic ancestry]
  1446 | D:1      | Reached XP level 3. HP: 23/24 MP: 1/6
  1450 | D:1      | Learned a level 3 spell: Vampiric Draining
  1805 | D:2      | Noticed Robin
  1820 | D:2      | Reached skill level 5 in Necromancy
  1851 | D:2      | Killed Robin
  1877 | D:2      | Reached skill level 1 in Armour
  2280 | D:2      | Gained mutation: You have sharp fingernails. [demonic
                  | ancestry]
  2280 | D:2      | Reached XP level 4. HP: 30/30 MP: 8/8
  2353 | D:2      | Found a faded altar of an unknown god.
  2541 | D:3      | Noticed an ogre
  2550 | D:3      | Annihilated by an ogre

Illustrated notes

Levels and vault maps discovered:
D:1:      nagdon_arrival_zigzag_paths, layout_basic, serial_aquarium,
          aquarium_bridge_square [aquarium_subvault_wall,
          aquarium_subvault_bridge, aquarium_subvault_wall,
          aquarium_subvault_bridge], aquarium_window_2, aquarium_window_2,
          aquarium_view_4, aquarium_balcony_5a, hex_medium
D:2:      layout_rooms, basic_ecumenical_altar, amcnicky_mini_corridor_feature,
          uniq_robin
D:3:      layout_loops_cross

Skill      XL: |  1  2  3 |
---------------+----------+-----
Dodging        | 2 |  2.0
Necromancy     | 5 |  5.3
Armour         | 1 |  1.0
Stealth        | |  1.7
Spellcasting   | |  2.8

Action                   |  1- 3 |  4- 6 || total
-------------------------+-------+-------++-------
Melee: Unarmed           |    52 |       ||    52
       Club              |    24 |       ||    24
 Cast: Pain              |    81 |    12 ||    93
       Animate Skeleton  |    11 |     2 ||    13
Armor: Robe              |    12 |       ||    12
       Ring mail         |    23 |     2 ||    25
Dodge: Dodged            |    87 |     2 ||    89
Block: Other             |     2 |       ||     2
